 Dungeon Crawl Stone Soup version 0.23.2-1-ga50397a (webtiles) character file.

Game seed: 11673880862261472474

159 teukkam the Shield-Bearer (level 5, -7/46 HPs)
             Began as a Minotaur Fighter on May 18, 2019.
             Killed by divine providence
             ... invoked by an orc priest
              (15 damage)
             ... on level 4 of the Dungeon.
             The game lasted 00:06:34 (1059 turns).

teukkam the Shield-Bearer (Minotaur Fighter)        Turns: 1059, Time: 00:06:34

Health: -7/46      AC:  8    Str: 22    XL:     5   Next: 17%
Magic:  4/4        EV:  8    Int:  5    God:
Gold:   83         SH:  0    Dex:  9    Spells: 4/4 levels left

rFire    . . .     SeeInvis .   a - +1 short sword (freeze)
rCold    . . .     Gourm    .   c - +0 shield
rNeg     . . .     Faith    .   b - +1 scale mail
rPois    .         Spirit   .   (helmet restricted)
rElec    .         Reflect  .   (no cloak)
rCorr    .         Harm     .   (no gloves)
MR       .....                  (no boots)
Stlth    ..........             (no amulet)
HPRegen  0.15/turn              (no ring)
MPRegen  0.09/turn              (no ring)

@: confused, lethally poisoned (-7 -> -10)
A: retaliatory headbutt, horns 2
a: no special abilities


You were on level 4 of the Dungeon.
You were not hungry.

You visited 1 branch of the dungeon, and saw 4 of its levels.

You collected 83 gold pieces.

Inventory:

Hand Weapons
 a - a +1 short sword of freezing (weapon)
 i - a +0 war axe
Armour
 b - a +1 scale mail (worn)
 c - a +0 shield (worn)
Scrolls
 g - a scroll of teleportation
 j - a scroll of identify
Comestibles
 f - 5 rations


   Skills:
 + Level 4.2 Fighting
 + Level 1.9 Short Blades
 + Level 3.2 Axes
 + Level 4.4 Armour
 + Level 1.1 Dodging
 + Level 5.0 Shields


You had 4 spell levels left.
You didn't know any spells.
Your spell library was empty.

Dungeon Overview and Level Annotations

Branches:
Dungeon (4/15)             Temple (0/1) D:4

Altars:


Innate Abilities, Weirdness & Mutations

You reflexively headbutt those who attack you in melee.
You have a pair of horns on your head.


Message History

The orc priest hits you with a +0 mace.
* * * LOW HITPOINT WARNING * * *
The orc closely misses you. The orc hits you but does no damage.
You bump into the rock wall.
The orc barely misses you. The orc completely misses you.
The orc priest hits you with a +0 mace.
* * * LOW HITPOINT WARNING * * *
The orc closely misses you.
You hit the orc priest but do no damage.
The orc priest is almost dead.
You feel sick. The orc hits you but does no damage.
The orc hits you with a +0 short sword.
* * * LOW HITPOINT WARNING * * *
The orc barely misses you. The orc priest closely misses you.
Unknown command.
You bump into the rock wall.
The orc hits you but does no damage. The orc barely misses you.
The orc hits you with a +0 whip.
* * * LOW HITPOINT WARNING * * *
The orc priest calls down the wrath of Beogh upon you.
Beogh smites you!
You die...

#..#..... ###
##........
###..##........
...............#
............#.##.
.................
.........†.......
#......oo#.....#
#@o.#...#
......##o.....# .
#.................
..
#....###..........
... ....
#....#......
....####..#
#...####.#..
..........# ###...
## o
#.......######...
#......†.#.......


You could see an orc priest and 3 orcs.

Vanquished Creatures
  A crimson imp (D:3)
  A hound (D:4)
  A worker ant (D:4)
  2 adders (D:4)
  An ooze (D:3)
  An adder skeleton (D:4)
  A worm (D:3)
  A dart slug (D:1)
  3 leopard geckos
  2 orcs
  2 bats
  A giant cockroach (D:4)
  A goblin (D:3)
  A hobgoblin (D:3)
  7 jackals
  A kobold (D:3)
  2 quokkas (D:3)
  A ball python (D:3)
  A ball python skeleton (D:4)
  3 frilled lizards
  3 rats
37 creatures vanquished.

Notes
Turn   | Place    | Note
-------+----------+-------------------------------------------
     0 | D:1      | teukkam the Minotaur Fighter began the quest for the Orb.
     0 | D:1      | Reached XP level 1. HP: 19/19 MP: 0/0
   251 | D:1      | Reached XP level 2. HP: 27/27 MP: 1/1
   340 | D:3      | Reached skill level 4 in Shields
   354 | D:3      | Noticed a crimson imp
   379 | D:3      | Killed a crimson imp
   379 | D:3      | Reached XP level 3. HP: 30/33 MP: 2/2
   583 | D:3      | Reached XP level 4. HP: 36/40 MP: 3/3
   968 | D:4      | Reached skill level 1 in Short Blades
   968 | D:4      | Reached skill level 1 in Dodging
  1008 | D:4      | Found a staircase to the Ecumenical Temple.
  1011 | D:4      | Noticed an ogre
  1040 | D:4      | Reached skill level 5 in Shields
  1046 | D:4      | Reached XP level 5. HP: 23/46 MP: 4/4
  1055 | D:4      | HP: 2/46 [orc priest/nerve-wracking pain (8)]
  1059 | D:4      | Killed from afar by an orc priest

Skill      XL: |  1  2  3  4 |
---------------+-------------+-----
Axes           | 3 |  3.2
Armour         | 4 |  4.4
Shields        | 4 5 |  5.0
Fighting       | 4 |  4.2
Short Blades   | 1 |  1.9
Dodging        | 1 |  1.1

Action                   |  1- 3 |  4- 6 || total
-------------------------+-------+-------++-------
Melee: War axe           |     8 |       ||     8
       Headbutt          |     8 |     6 ||    14
       Short sword       |    69 |    55 ||   124
  Use: Scroll            |       |     4 ||     4
       Potion            |       |     3 ||     3
  Eat: Chunk             |       |     1 ||     1
Armor: Scale mail        |    50 |    50 ||   100
Dodge: Dodged            |    34 |    39 ||    73
Block: Shield            |    41 |    49 ||    90
